 Dungeon Crawl Stone Soup version 0.17.1-1-g73c8601 (webtiles) character file.

79 thrall606 the Skirmisher (level 4, -2/35 HPs)
             Began as a Demonspawn Fighter on Nov 17, 2015.
             Succumbed to Sigmund's poison
             ... on level 3 of the Dungeon on Dec 22, 2015.
             The game lasted 00:06:41 (1924 turns).

thrall606 the Skirmisher (Demonspawn Fighter)       Turns: 1924, Time: 00:06:41

Health: -2/35      AC:  6    Str: 21    XL:     4   Next: 17%
Magic:  4/4        EV:  8    Int:  9    God:
Gold:   142        SH:  9    Dex: 14    Spells: 0 memorised, 3 levels left

rFire  . . .     SeeInvis .     f - +0 falchion
rCold  + . .     Clarity  .     b - +0 scale mail
rNeg   . . .     SustAt   .     c - +0 shield
rPois  .         Gourm    .     (no helmet)
rElec  .         Spirit   .     (no cloak)
rCorr  .         Warding  .     (no gloves)
rMut   .         Stasis   .     (no boots)
MR     .....                    (no amulet)
Stlth  ..........               (no ring)
                                (no ring)

@: mighty, lethally poisoned (-2 -> -32), not resistant to hostile enchantments,
extremely unstealthy
A: cold resistance 1, rot immunity
a: no special abilities


You were on level 3 of the Dungeon.
You were not hungry.

You visited 1 branch of the dungeon, and saw 3 of its levels.

You collected 142 gold pieces.

Inventory:

Hand Weapons
 a - a +0 long sword
 f - a +0 falchion (weapon)
Armour
 b - a +0 scale mail (worn)
 c - a +0 shield (worn)
Wands
 i - a wand of magic darts (26)
Comestibles
 e - 2 bread rations
 h - 3 chunks of flesh
 j - a beef jerky
 l - a meat ration


   Skills:
 + Level 3.3 Fighting
 + Level 2.3 Long Blades
 + Level 3.1 Armour
 + Level 1.2 Dodging
 + Level 3.2 Shields


You had 3 spell levels left.
You didn't know any spells.

Dungeon Overview and Level Annotations

Branches:
Dungeon (3/15)

Altars:
Zin

Shops:
D:2 *

Annotations:
D:3 Sigmund


Innate Abilities, Weirdness & Mutations

Your flesh is cold resistant.
You are immune to rotting.


Message History

There is a lethal amount of poison in your body!
Drink which item? (? for menu, Esc to quit)
You don't have any such object.
Drink which item? (? for menu, Esc to quit)
You don't have any such object.
Drink which item? (? for menu, Esc to quit)
You feel very mighty all of a sudden.
* * * LOW HITPOINT WARNING * * *
You feel sick.
Eat one of 4 chunks of flesh? (ye/n/q/i?) This raw flesh tastes terrible.
* * * LOW HITPOINT WARNING * * *
You feel sick. Something hits you but does no damage.
You are more poisoned.
You continue eating.
* * * LOW HITPOINT WARNING * * *
You feel sick. Something hits you but does no damage.
You are more poisoned.
You continue eating.
You die...

....###....#######.##.....#*,,,,,
................##.#......#*,,,,,
.........####*#.##.#.....,,,,,,,,
.#####...# #.##.#...#,,,,,,,,,
.### #...# #.##.#...#...,,,,,,
...# #...# ####..#........),,,,,,
...# #...# #...............,,,,,,
...# #...# #...............,,,,,,
...###÷..# #....@.{.###..##**,,,,
.......#####........# *,.#*,,,,,,
.......##..÷........# *,,#*,,,,*,
.......##...........# *,,**,,,,*#
....................#**,,**,,,,*#
....................#,,,,*#..,,*#
..........##........#,**,*#...,*#
......[...##........#,**+##...**#
..........#...#...#.......[...###


There were no monsters in sight!

Vanquished Creatures
  Natasha (D:3)
  An adder (D:3)
  2 oozes
  A worm (D:2)
  An orc (D:3)
  2 ball pythons (D:3)
  9 bats
  7 hobgoblins
  A giant cockroach (D:3)
  2 giant newts (D:1)
  2 goblins (D:1)
  6 kobolds
  3 rats
38 creatures vanquished.

Vanquished Creatures (others)
  4 toadstools (D:1)
4 creatures vanquished.

Grand Total: 42 creatures vanquished

Notes
Turn   | Place    | Note
--------------------------------------------------------------
     0 | D:1      | thrall606 the Demonspawn Fighter began the quest for the Orb.
     0 | D:1      | Reached XP level 1. HP: 18/18 MP: 1/1
   179 | D:1      | Gained mutation: Your flesh is cold resistant. [demonic ancestry]
   179 | D:1      | Reached XP level 2. HP: 24/24 MP: 2/2
   199 | D:1      | Upgraded the game from 0.17.0-24-gcfadda4 to 0.17.0-25-gefc9c12
  1092 | D:2      | Found Zin's Purification Station.
  1097 | D:2      | Found a glowing silver altar of Zin.
  1298 | D:2      | Reached XP level 3. HP: 18/29 MP: 3/3
  1503 | D:3      | Noticed Natasha
  1522 | D:3      | HP: 1/29 [Natasha (2)]
  1527 | D:3      | Killed Natasha
  1527 | D:3      | Reached skill level 1 in Dodging
  1636 | D:3      | Gained mutation: You are immune to rotting. [demonic ancestry]
  1636 | D:3      | Reached XP level 4. HP: 7/35 MP: 4/4
  1906 | D:3      | Noticed Sigmund
  1918 | D:3      | Upgraded the game from 0.17.0-25-gefc9c12 to 0.17.1-1-g73c8601
  1923 | D:3      | HP: 1/35 [poisoned by Sigmund]
  1924 | D:3      | Succumbed to Sigmund's poison

Action                   |  1- 3 |  4- 6 || total
-------------------------+-------+-------++-------
Melee: Long sword        |   133 |       ||   133
       Falchion          |    22 |     4 ||    26
  Use: Potion            |     3 |     1 ||     4
       Scroll            |     3 |       ||     3
  Eat: Chunk             |     3 |     1 ||     4
